 Dungeon Crawl Stone Soup version bcrawl-1.15.1 (webtiles) character file.

Game seed: 11512036989978549923

54 Roikka the Skirmisher (level 3, 0/29 HPs)
             Began as a Demonspawn Abyssal Knight on Sept 28, 2019.
             Was a Believer of Lugonu.
             Slain by an orc wizard
             ... wielding a +1 dagger of venom
              (1 damage)
             ... on level 2 of the Dungeon.
             The game lasted 00:04:17 (1577 turns).

Roikka the Skirmisher (Demonspawn Abyssal Knight)   Turns: 1577, Time: 00:04:18

Health: 0/29       AC:  3    Str: 13    XL:     3   Next: 66%
Magic:  5/5        EV: 11    Int: 13    God:    Lugonu [**....]
Gold:   54         SH:  0    Dex: 12    Spells: 2/2 levels left

rFire    . . .     SeeInvis .   a - +1 falchion
rCold    . . .     Gourm    .   (no shield)
rNeg     . . .     Faith    .   b - +0 leather armour
rPois    .         Spirit   .   (no helmet)
rElec    .         Reflect  .   (no cloak)
rCorr    .         Harm     .   (no gloves)
MR       .....                  (no boots)
Stlth    +.........             (no amulet)
HPRegen  0.09/turn              (no ring)
MPRegen  0.09/turn              (no ring)

@: lethally poisoned (0 -> -16)
A: demonic guardian 1
a: Depart the Abyss, Bend Space, Renounce Religion


You were on level 2 of the Dungeon.
You worshipped Lugonu.
Lugonu was pleased with you.
You were very hungry.

You visited 1 branch of the dungeon, and saw 2 of its levels.
You visited the Abyss 1 time.

You collected 54 gold pieces.

Inventory:

Hand Weapons
 a - a +1 falchion (weapon)
Armour
 b - a +0 leather armour (worn)
 d - a +0 large shield
Scrolls
 e - a scroll of amnesia {unknown}
 f - 2 scrolls of identify
Potions
 h - a potion of heal wounds {unknown}
 i - a potion of resistance {unknown}
Comestibles
 c - 2 rations {!d}


   Skills:
 + Level 3.4 Fighting
 * Level 2.7 Long Blades
 - Level 1.7 Armour
 - Level 0.8 Dodging
 + Level 0.7 Shields
 + Level 3.4 Invocations


You had 2 spell levels left.
You didn't know any spells.
Your spell library was empty.

Dungeon Overview and Level Annotations

Branches:
Dungeon (2/12)

Altars:


Innate Abilities, Weirdness & Mutations

A weak demonic guardian rushes to your aid.


Message History

The magic dart hits you!
* * * LOW HITPOINT WARNING * * *
You barely miss something.
You see here a leopard gecko corpse.
You miss something. Something hits you.
* * * LOW HITPOINT WARNING * * *
You are lethally poisoned!
You miss something.
* * * LOW HITPOINT WARNING * * *
You feel sick. Something hits you but does no damage.
You are more poisoned.
You miss something.
You feel less confused.
* * * LOW HITPOINT WARNING * * *
You feel sick. Something hits you but does no damage.
You are more poisoned.
You barely miss something.
* * * LOW HITPOINT WARNING * * *
You feel sick. Something hits you.
You die...

.............####...##
......................
###...................
#...................
########.##.....##
#.....#..# ###....%..#
...########.[...#.#####.
.......@<).)...#........
...#.....###...#..######
.........##..#......
....####....###..####
..# ###.. <..# . ....
...## ........# #..#.


There were no monsters in sight!

Vanquished Creatures
  A dart slug (D:1)
  4 leopard geckos
  5 orcs
  4 goblins (D:1)
  3 hobgoblins
  A bat (D:1)
  A frilled lizard (D:2)
  2 kobolds (D:1)
  2 rats
23 creatures vanquished.

Vanquished Creatures (collateral kills)
  An orc wizard (D:2)
  2 orcs (D:2)
3 creatures vanquished.

Grand Total: 26 creatures vanquished

Notes
Turn   | Place    | Note
-------+----------+-------------------------------------------
     0 | Abyss:1  | Roikka the Demonspawn Abyssal Knight began the quest for
                  | the Orb.
     0 | Abyss:1  | Reached XP level 1. HP: 18/18 MP: 2/2
    79 | Abyss:1  | Noticed a small abomination
   101 | D:1      | Escaped the Abyss
   407 | D:1      | Gained mutation: A weak demonic guardian rushes to your
                  | aid. [demonic ancestry]
   407 | D:1      | Reached XP level 2. HP: 24/24 MP: 2/4
  1216 | D:2      | Reached XP level 3. HP: 25/29 MP: 5/5
  1555 | D:2      | Reached ** piety under Lugonu
  1577 | D:2      | HP: 1/29 [poisoned by an orc wizard]
  1577 | D:2      | Slain by an orc wizard

Skill      XL: |  1 |
---------------+----+-----
Long Blades    | 2 |  2.7
Invocations    | 3 |  3.4
Fighting       | |  3.4
Armour         | |  1.7
Dodging        | |  0.8
Shields        | |  0.7

Action                   || total
-------------------------++-------
Melee: Falchion          ||   106
  Use: Scroll            ||     2
  Eat: Chunk             ||     1
Armor: Leather armour    ||    24
Dodge: Dodged            ||    45
